 Dungeon Crawl Stone Soup version 0.28.0-43-g3370ac3207 (webtiles) character file.

Game seed: 706599293734552462

149 Atelerd the Digger (level 5, -2/32 HPs)
             Began as an Octopode Earth Elementalist on Mar 19, 2022.
             Slain by an ogre
             ... wielding a +0 giant club
              (16 damage)
             ... on level 4 of the Dungeon.
             The game lasted 00:03:38 (3341 turns).

Atelerd the Digger (Octopode Earth Elementalist)    Turns: 3341, Time: 00:03:38

Health: -2/32      AC:  1    Str: 13    XL:     5   Next: 31%
Magic:  8/10       EV: 13    Int: 20    God:
Gold:   121        SH:  5    Dex: 12    Spells: 10/11 levels left

rFire   . . .      SeeInvis .   d - +0 short sword
rCold   . . .      Faith    .   (no shield)
rNeg    . . .      Spirit   .   (helmet restricted)
rPois   .          Reflect  +   g - amulet of reflection
rElec   .          Harm     .   l - +6 ring of strength
rCorr   .          Rampage  .   (no ring)
Will    .....                   (no ring)
Stlth   +++.......              (no ring)
HPRegen 0.10/turn               (no ring)
MPRegen 0.12/turn               (no ring)
                                (no ring)
                                (no ring)

@: about to teleport
A: almost no armour, amphibious, 8 rings, camouflage 1, gelatinous body 1,
(nimble swimmer 1), tentacles
a: no special abilities


You were on level 4 of the Dungeon.
You visited 1 branch of the dungeon, and saw 4 of its levels.

You collected 121 gold pieces.

Inventory:

Hand Weapons
 d - a +0 short sword (weapon)
Missiles
 b - 85 stones
Jewellery
 g - an amulet of reflection (around mantle)
 l - a +6 ring of strength (left tentacle)
Scrolls
 a - a scroll of brand weapon {unknown}
 j - a scroll of magic mapping
 k - a scroll of immolation
 m - a scroll of teleportation
 n - a scroll of blinking {unknown}
Potions
 c - a potion of might {unknown}
 e - 2 potions of flight {unknown}
 f - a potion of brilliance {unknown}
 h - a potion of degeneration {unknown}


   Skills:
 - Level 0.5 Fighting
 - Level 0.8 Short Blades
 + Level 2.0 Dodging
 + Level 2.7 Stealth
 + Level 3.7 Spellcasting
 + Level 1.0 Transmutations
 + Level 4.3 Earth Magic


You had 10 spell levels left.
You knew the following spells:

 Your Spells              Type           Power      Damage    Failure   Level
a - Sandblast             Erth           42%        2d11      2%          1

Your spell library contained the following spells:

 Spells                   Type           Power      Damage    Failure   Level
 Passwall                 Tmut/Erth      11%        N/A       7%          2
 Stone Arrow              Conj/Erth      24%        3d8       16%         3
 Ensorcelled Hibernation  Hex/Ice        6%         N/A       21%         2
 Spider Form              Tmut/Pois      5%         N/A       32%         3
 Petrify                  Tmut/Erth      14%        N/A       41%         4
 Anguish                  Hex/Necr       1%         N/A       78%         4


Dungeon Overview and Level Annotations

Branches:
Dungeon (4/15)
 Temple: D:4-7

Altars:

Annotations:
D:3 exclusion: downstairs


Innate Abilities, Weirdness & Mutations

You cannot wear most types of armour.
You are amphibious.
You can wear up to eight rings at the same time.
Your skin changes colour to match your surroundings (Stealth+).
Your rubbery body absorbs attacks. (AC +1, EV +1)
((You are camouflaged when in or above water. (Stealth+)))
You have tentacles for arms and can constrict up to eight enemies at once.


Message History

The ogre hits you with a +0 giant club!!
Ouch! That really hurt!
There is a stone staircase leading up here.
You climb upwards.
There is a stone staircase leading down here.
There is a stone staircase leading down here.
You climb downwards.
You hear the sound of rushing water.
There is an entrance to a sewer on this level.
Hurry and find it before the portal rusts away!
You block the ogre's attack.
There is a stone staircase leading up here.
Found an escape hatch in the floor.
Found 6 bolts.
A hound comes into view.
You hear the slow rusting of a very distant drain.
The hound barks!
A scorpion comes into view.
As you read the scroll of teleportation, it crumbles to dust.
You feel strangely unstable. The hound barely misses you.
You are too injured to fight recklessly!
Unknown command.
Casting: Sandblast (safe; 2% risk of failure)
Confirm with . or Enter, or press ? or * to list all spells.
Aiming: Sandblast (safe; 2% risk of failure)
Press: ? - help, Shift-Dir - straight line, f - hound
Aim: a hound (73% to hit)
The blast of sand hits the hound.
The hound is moderately wounded.
The hound closely misses you.
Unknown command.
Casting: Sandblast (safe; 2% risk of failure)
Confirm with . or Enter, or press ? or * to list all spells.
Aiming: Sandblast (safe; 2% risk of failure)
Press: ? - help, Shift-Dir - straight line, f/p - hound
Aim: a hound (moderately wounded, 73% to hit)
The blast of sand hits the hound!
You kill the hound!
The ogre hits you with a +0 giant club!
Ouch! That really hurt!
You die...

#. #...# # #...#
##.## #.# #Z# #O#
..# #.#
.....#.#########.#
#......ZO@†s(.#
###.###########
#..> ##.# ###


You could see an ogre, a scorpion and an adder skeleton.

Vanquished Creatures
  A hound (D:4)
  A gnoll (D:3)
  4 adders
  5 dart slugs
  2 worms
  An orc (D:3)
  4 ball pythons
  9 endoplasms
  5 giant cockroaches
  2 goblins
  9 hobgoblins
  7 jackals
  7 quokkas
  11 bats
  8 frilled lizards
  4 kobolds
  2 rats (D:1)
82 creatures vanquished.

Vanquished Creatures (others)
  A withered plant (D:1)
1 creature vanquished.

Grand Total: 83 creatures vanquished

Notes
Turn   | Place    | Note
-------+----------+-------------------------------------------
     0 | D:1      | Atelerd the Octopode Earth Elementalist began the quest for
                  | the Orb.
     0 | D:1      | Reached XP level 1. HP: 11/11 MP: 3/3
   227 | D:1      | Reached XP level 2. HP: 17/17 MP: 3/5
   648 | D:1      | Reached XP level 3. HP: 21/21 MP: 4/6
  1045 | D:1      | Found a faded altar of an unknown god.
  1686 | D:2      | Reached XP level 4. HP: 20/27 MP: 4/8
  2259 | D:3      | Reached skill level 4 in Earth Magic
  2581 | D:3      | Reached XP level 5. HP: 32/32 MP: 6/10
  3293 | D:4      | Noticed an ogre
  3341 | D:4      | Slain by an ogre

Illustrated notes

Levels and vault maps discovered:
D:1:      lightli_arrival_farm, layout_rooms, ebering_ecumenical_altar_petrified
D:2:      layout_basic, serial_curves, eino_curves_03, eino_curves_03,
          minmay_misc_feat_four_crosses, kennysheep_generic_room_5
D:3:      minmay_chambers_of_threes, layout_basic
D:4:      layout_loops_ring, minmay_temple_entry_statues, portal_sewer_entry_e

Skill      XL: |  1  2  3  4 |
---------------+-------------+-----
Spellcasting   | 3 |  3.7
Earth Magic    | 4 |  4.3
Fighting       | |  0.5
Short Blades   | |  0.8
Dodging        | |  2.0
Stealth        | |  2.7
Transmutations | |  1.0

Action                   |  1- 3 |  4- 6 || total
-------------------------+-------+-------++-------
Melee: Short sword       |    35 |    48 ||    83
       Constrict         |    11 |    10 ||    21
       Tentacles         |     7 |     8 ||    15
       Punch             |       |     1 ||     1
 Cast: Sandblast         |    39 |    25 ||    64
  Use: Scroll            |       |     4 ||     4
 Stab: Sleeping          |     6 |    10 ||    16
Armor: Skin              |     2 |     2 ||     4
Dodge: Dodged            |    32 |    38 ||    70
Block: Other             |     3 |    10 ||    13
       Reflection        |       |     1 ||     1
